Map: Eternal Empire LE

Players

cure - Winner!

  • Race: Terran Terran
  • Spawn Location: 1:00

Has

  • Race: Protoss Protoss
  • League: Master
  • Spawn Location: 7:00

Event: DreamHack SC2 Masters 2020 Summer Season Finals

VOD

Have the link to the VOD?

Description

Time

  • Played on: July 17, 2020, 9:40 a.m.
  • Length: 12:06

All games in this series

Show
View Real Time Build Order
Export as new Build Order

cure Terran - Winner!

Build Orders: Reaper Expand 

Get SALT Encoding   

  12  0:00  SCV  
  13  0:12  SCV  
  14  0:17  Supply Depot  
  14  0:25  SCV  
  15  0:38  SCV  
  15  0:39  Barracks  
  16  0:43  Refinery  
  16  0:50  SCV  
  17  1:02  SCV  
  18  1:15  SCV  
  19  1:26  Reaper  
  19  1:27  Orbital Command  
  20  1:40  Command Center  
  20  1:48  Supply Depot  
  20  1:52  SCV  
  21  1:57  Marine  
  22  2:05  SCV  
  23  2:10  Factory  
  23  2:19  SCV  
  23  2:22  Barracks Reactor  
  24  2:24  Bunker  
  24  2:31  SCV  
  25  2:42  Barracks  
  25  2:43  SCV  
  26  2:54  Factory Tech Lab  
  26  2:55  Orbital Command, SCV  
  26  2:58  Marine  
  27  3:02  Bunker  
  28  3:07  SCV  
  29  3:14  Marine  
  29  3:16  Marine  
  29  3:17  Siege Tank  
  29  3:19  Orbital Command, SCV  
  35  3:28  Supply Depot  
  35  3:30  Barracks Tech Lab  
  35  3:31  SCV  
  36  3:36  Marine x2  
  38  3:43  SCV  
  38  3:45  SCV  
  40  3:52  Supply Depot, Marine  
  40  3:53  Marine  
  40  3:54  Marine  
  40  3:55  Refinery  
  43  3:58  Engineering Bay  
  43  4:03  Supply Depot  
  43  4:07  Supply Depot  
  43  4:13  SCV x2  
  43  4:14  Stimpack  
  43  4:15  Marine  
  46  4:18  Marine  
  46  4:24  Marine  
  46  4:25  Missile Turret  
  46  4:29  Supply Depot  
  46  4:35  Orbital Command, Marine  
  46  4:36  Marine  
  46  4:40  Siege Tank  
  46  4:42  Marine, SCV  
  50  4:50  Supply Depot  
  50  4:54  SCV  
  50  4:58  Starport  
  51  5:01  SCV  
  51  5:06  Marine x2  
  54  5:14  SCV x2  
  53  5:16  Marine  
  54  5:24  Factory Reactor  
  54  5:26  Marine x2, SCV  
  57  5:30  SCV  
  57  5:33  Marine  
  57  5:34  Missile Turret  
  58  5:38  SCV  
  56  5:43  SCV, Viking  
  56  5:44  Marine x2  
  61  5:50  SCV  
  61  5:51  Marine, Bunker  
  61  5:56  Supply Depot  
  63  5:58  Combat Shield, SCV  
  63  6:02  Supply Depot, SCV  
  63  6:03  Marine x2  
  67  6:09  Supply Depot, Marine  
  67  6:10  Supply Depot  
  67  6:23  Marine x2, Engineering Bay  
  69  6:27  Marine  
  69  6:29  Medivac  
  66  6:55  Marine x2  
  52  7:15  SCV x2  
  54  7:18  Marauder  
  56  7:27  SCV x2  
  58  7:33  Marine x2  
  60  7:37  Supply Depot  
  60  7:39  Marine, SCV  
  60  7:41  SCV  
  63  7:48  Siege Tank  
  63  7:51  SCV  
  67  7:53  SCV  
  68  7:59  Missile Turret  
  68  8:02  Marine x3  
  71  8:10  SCV x2  
  65  8:20  Marauder, Marine x2  
  60  8:37  Marine  
  60  8:38  Marine  
  64  8:41  Marine  
  64  8:43  SCV  
  64  8:45  Refinery x2, Supply Depot  
  66  8:55  Marine x2  
  65  8:59  Marine  
  67  9:03  Orbital Command  
  65  9:11  Starport  
  65  9:13  Marine x2  
  67  9:17  Marine  
  68  9:25  SCV  
  68  9:29  SCV  
  68  9:31  Marine x2  
  70  9:34  Terran Infantry Weapons Level 1  
  70  9:35  Marine  
  70  9:37  SCV  
  74  9:41  SCV  
  75  9:49  Marine, SCV  
  77  9:53  SCV  
  77  9:56  Barracks  
  78  10:03  SCV  
  78  10:06  SCV  
  80  10:08  Medivac x2  
  80  10:10  Marine  
  80  10:11  Marine  
  86  10:15  Supply Depot  
  86  10:16  Supply Depot  
  86  10:19  Marine, SCV x2  
  89  10:22  Concussive Shells, Factory Reactor  
  89  10:28  Refinery  
  89  10:32  SCV x2  
  89  10:33  Marine x2  
  93  10:39  Supply Depot  
  93  10:42  Medivac  
  95  10:44  SCV x2  
  97  10:56  SCV x2  
  99  10:58  Marauder x2  
  99  11:01  Supply Depot  
  99  11:03  Refinery  
  103  11:06  Missile Turret  
  103  11:08  SCV x2  
  103  11:10  Widow Mine  
  107  11:20  SCV x2  
  107  11:21  Marauder, Marine  
  112  11:26  Supply Depot  
  112  11:32  SCV x2  
  114  11:34  Medivac x2  
  114  11:35  Widow Mine  
Show
View Real Time Build Order
Export as new Build Order

Has Protoss 

Build Orders: Chargelot Immortal 

Get SALT Encoding   

  12  0:00  Probe  
  13  0:12  Probe  
  14  0:17  Pylon  
  14  0:25  Probe  
  15  0:33  Probe  
  15  0:36  Gateway  
  15  0:41  Probe  
  16  0:46  Assimilator  
  17  0:51  Probe  
  18  0:58  Assimilator  
  18  1:03  Probe  
  19  1:08  Pylon  
  19  1:15  Probe  
  20  1:22  Cybernetics Core  
  20  1:27  Probe  
  20  1:30  Assimilator  
  21  1:39  Probe  
  22  1:49  Stalker  
  22  1:52  Probe  
  23  1:59  Robotics Facility  
  25  2:04  Probe  
  25  2:08  Warp Gate  
  25  2:20  Stalker  
  27  2:38  Pylon  
  27  2:43  Observer  
  28  2:48  Nexus  
  29  2:56  Immortal  
  32  3:07  Probe  
  33  3:21  Probe  
  33  3:22  Twilight Council  
  33  3:26  Warp Prism, Observer  
  34  3:39  Probe  
  37  3:43  Observer  
  37  3:51  Probe  
  38  3:59  Charge, Pylon  
  38  4:02  Sentry  
  40  4:03  Probe x2  
  42  4:15  Probe  
  44  4:21  Gateway  
  44  4:23  Gateway  
  43  4:26  Probe  
  43  4:30  Immortal, Probe  
  45  4:44  Probe x2  
  51  4:51  Gateway  
  51  4:58  Gateway, Probe  
  53  5:12  Immortal  
  53  5:17  Pylon x2  
  53  5:19  Zealot  
  58  5:27  Zealot  
  58  5:28  Zealot  
  62  5:31  Probe  
  62  5:44  Observer  
  62  5:45  Zealot  
  62  5:48  Zealot x3  
  70  5:53  Zealot  
  73  6:01  Pylon  
  73  6:05  Zealot  
  73  6:07  Zealot  
  75  6:15  Warp Prism  
  73  6:20  Zealot x2  
  73  6:21  Zealot x2  
  83  6:37  Zealot  
  85  6:44  Zealot x2  
  85  6:48  Warp Prism  
  71  7:02  Zealot x3  
  63  7:09  Zealot x2  
  64  7:16  Immortal, Dark Shrine  
  64  7:24  Zealot x3  
  74  7:39  Pylon  
  74  7:43  Stalker x2  
  78  7:45  Zealot x3  
  78  7:48  Pylon  
  78  7:49  Observer  
  84  7:55  Pylon  
  85  8:09  Zealot  
  85  8:10  Zealot  
  85  8:18  Pylon x2  
  71  8:31  Probe x2  
  71  8:33  Immortal  
  67  8:38  Zealot x2  
  67  8:41  Gateway  
  71  8:42  Gateway  
  74  8:59  Probe x2  
  54  9:11  Probe  
  54  9:29  Dark Shrine  
  54  9:30  Probe  
  55  9:34  Observer  
  55  9:35  Probe  
  56  9:38  Pylon  
  56  9:41  Observer  
  56  9:42  Probe  
  57  9:49  Probe  
  58  9:54  Probe  
  59  10:01  Probe  
  60  10:10  Probe  
  60  10:13  Probe  
  62  10:22  Probe  
  62  10:25  Shield Battery, Probe  
  62  10:27  Pylon  
  64  10:34  Probe  
  65  10:37  Observer  
  65  10:38  Probe  
  65  10:41  Zealot x4  
  75  10:46  Probe  
  75  11:06  Dark Templar x3  
  75  11:09  Probe  
  75  11:10  Probe  
  83  11:12  Zealot x3  
  89  11:26  Pylon  
  89  11:37  Stalker x2  
  93  11:40  Zealot  
  93  11:41  Zealot x3  
  101  11:51  Pylon  
  101  11:53  Probe, Pylon  
Tags
 
Add a new tag
Caveats
  • Supply blocks, unpowered buildings, or Contaminate may cause inaccurate times.
  • Supply counts are checked every 10 seconds.